Map: [ESL] Royal Blood

Players

SKillous

  • Race: Protoss Protoss
  • Spawn Location: 1:00

Classic - Winner!

  • Race: Protoss Protoss
  • Spawn Location: 7:00

Event: ESL SC2 Masters 2023 Summer (Finals)

VOD

Have the link to the VOD?

Description

Time

  • Played on: June 17, 2023, 11:23 a.m.
  • Length: 9:10

All games in this series

Show
View Real Time Build Order
Export as new Build Order

SKillous Protoss 

Build Orders: Blink Stalkers 

Get SALT Encoding   

  12  0:00  Probe  
  13  0:12  Probe  
  14  0:17  Pylon  
  14  0:24  Probe  
  15  0:35  Gateway  
  15  0:37  Probe (Chrono Boost)  
  16  0:46  Probe (Chrono Boost), Assimilator  
  17  0:51  Probe (Chrono Boost)  
  17  0:54  Assimilator  
  18  1:03  Probe (Chrono Boost)  
  19  1:07  Gateway  
  19  1:12  Probe (Chrono Boost)  
  19  1:18  Probe  
  21  1:25  Cybernetics Core  
  21  1:31  Probe  
  22  1:38  Pylon  
  22  1:43  Probe  
  23  1:56  Probe  
  24  2:02  Stalker  
  24  2:03  Stalker  
  24  2:08  Warp Gate  
  28  2:11  Probe  
  29  2:21  Pylon  
  30  2:36  Stalker  
  31  2:39  Stalker  
  33  3:03  Nexus  
  33  3:07  Probe  
  34  3:13  Sentry x2  
  38  3:24  Twilight Council  
  38  3:29  Pylon  
  37  3:41  Probe  
  33  3:52  Blink (Chrono Boost)  
  33  3:53  Probe  
  34  3:56  Stalker x2  
  38  4:05  Probe  
  39  4:16  Probe  
  40  4:17  Probe  
  40  4:22  Stalker  
  43  4:24  Stalker  
  43  4:28  Probe  
  43  4:29  Probe  
  45  4:40  Probe  
  45  4:43  Probe  
  46  4:46  Stalker  
  46  4:49  Stalker  
  46  4:52  Probe (Chrono Boost)  
  49  5:00  Probe (Chrono Boost)  
  49  5:04  Probe (Chrono Boost)  
  50  5:09  Probe (Chrono Boost)  
  50  5:10  Probe (Chrono Boost), Stalker  
  50  5:12  Stalker  
  56  5:19  Probe  
  56  5:20  Probe  
  56  5:21  Pylon  
  56  5:31  Probe  
  56  5:32  Probe  
  58  5:36  Stalker x2  
  62  5:43  Probe  
  62  5:48  Probe  
  50  5:50  Phoenix  
  62  5:59  Nexus  
  62  6:02  Probe (Chrono Boost)  
  62  6:03  Stalker x2  
  68  6:04  Probe (Chrono Boost)  
  68  6:06  Forge  
  68  6:08  Pylon  
  68  6:12  Assimilator  
  70  6:19  Probe (Chrono Boost)  
  70  6:20  Probe (Chrono Boost)  
  70  6:24  Probe (Chrono Boost)  
  70  6:26  Stalker x2  
  70  6:27  Probe  
  70  6:30  Pylon  
  76  6:36  Probe, Protoss Ground Weapons Level 1 (Chrono Boost)  
  76  6:39  Probe  
  78  6:47  Shield Battery  
  78  6:48  Probe (Chrono Boost)  
  78  6:50  Gateway  
  80  6:55  Stalker, Sentry  
  80  6:57  Probe (Chrono Boost)  
  80  6:59  Probe (Chrono Boost)  
  80  7:00  Pylon  
  85  7:04  Probe (Chrono Boost)  
  86  7:10  Probe  
  86  7:13  Probe  
  86  7:14  Gateway  
  86  7:15  Probe  
  89  7:18  Stalker, Sentry  
  94  7:22  Probe  
  94  7:25  Probe, Robotics Facility  
  94  7:26  Gateway  
  94  7:28  Probe  
  96  7:31  Pylon  
  96  7:35  Probe  
  97  7:37  Probe  
  97  7:38  Assimilator  
  97  7:40  Probe, Gateway  
  97  7:42  Stalker x2  
  101  7:46  Stalker  
  101  7:47  Probe  
  101  7:49  Probe  
  101  7:50  Assimilator  
  105  7:53  Shield Battery  
  105  7:54  Pylon  
  103  7:59  Shield Battery  
  103  8:00  Shield Battery  
  103  8:05  Stalker x2  
  106  8:17  Stalker x2  
  105  8:21  Stalker  
  105  8:29  Pylon  
  105  8:31  Pylon  
  96  8:34  Pylon  
  94  8:43  Pylon  
  94  8:44  Stalker x4  
  86  8:48  Zealot x2  
Show
View Real Time Build Order
Export as new Build Order

Classic Protoss - Winner!

Build Orders: Blink Stalkers 

Get SALT Encoding   

  12  0:00  Probe  
  13  0:12  Probe  
  14  0:17  Pylon  
  14  0:24  Probe  
  15  0:35  Gateway  
  15  0:36  Probe (Chrono Boost)  
  16  0:46  Probe (Chrono Boost)  
  16  0:47  Assimilator  
  17  0:51  Probe (Chrono Boost)  
  17  0:57  Assimilator  
  18  1:03  Probe (Chrono Boost)  
  19  1:08  Gateway  
  20  1:12  Probe (Chrono Boost)  
  20  1:17  Probe (Chrono Boost)  
  21  1:26  Cybernetics Core  
  21  1:29  Probe  
  22  1:37  Pylon  
  22  1:41  Probe  
  23  1:50  Pylon  
  23  1:55  Probe  
  24  2:03  Stalker  
  24  2:06  Stalker  
  28  2:10  Warp Gate  
  28  2:22  Pylon  
  28  2:35  Stalker  
  28  2:36  Stalker  
  32  2:59  Nexus  
  32  3:07  Twilight Council  
  32  3:10  Sentry  
  34  3:14  Probe  
  35  3:21  Pylon  
  35  3:26  Probe  
  36  3:38  Probe  
  35  3:46  Blink (Chrono Boost)  
  33  3:50  Probe  
  34  3:58  Adept x2  
  39  4:02  Probe (Chrono Boost)  
  39  4:08  Gateway  
  39  4:11  Probe (Chrono Boost)  
  39  4:15  Probe (Chrono Boost)  
  41  4:20  Probe (Chrono Boost), Stalker  
  41  4:21  Probe (Chrono Boost)  
  45  4:25  Probe (Chrono Boost)  
  45  4:29  Probe  
  45  4:30  Stalker  
  49  4:37  Probe  
  50  4:41  Probe  
  50  4:44  Robotics Facility  
  49  4:49  Probe  
  50  4:53  Probe  
  50  4:54  Stalker x2  
  50  4:58  Assimilator  
  53  5:02  Pylon  
  53  5:04  Stalker  
  53  5:07  Probe x2  
  57  5:23  Stalker x2  
  61  5:30  Stalker  
  61  5:34  Pylon  
  64  5:35  Observer  
  64  5:40  Probe x2  
  66  5:42  Nexus  
  62  6:01  Stalker x3  
  62  6:03  Immortal (Chrono Boost)  
  68  6:05  Shield Battery  
  72  6:13  Pylon  
  72  6:18  Probe x2  
  74  6:25  Stalker x2  
  78  6:26  Charge (Chrono Boost)  
  78  6:31  Probe x2, Sentry  
  82  6:35  Forge  
  82  6:37  Pylon  
  82  6:43  Probe x2  
  82  6:45  Gateway  
  84  6:47  Gateway  
  84  6:52  Gateway  
  84  6:59  Gateway  
  84  7:01  Gateway, Observer  
  84  7:04  Warp Prism (Chrono Boost)  
  86  7:10  Probe  
  86  7:11  Probe x2  
  86  7:14  Sentry  
  86  7:15  Sentry x2  
  93  7:16  Observer  
  93  7:21  Pylon  
  95  7:23  Probe x3  
  98  7:31  Pylon, Observer  
  98  7:32  Pylon  
  98  7:39  Zealot x3  
  98  7:40  Zealot  
  106  7:46  Zealot  
  106  7:47  Zealot  
  106  7:48  Pylon  
  110  7:54  Stalker  
  110  7:55  Stalker  
  114  7:59  Zealot  
  114  8:00  Zealot x3  
  122  8:17  Zealot x2  
  122  8:18  Zealot  
  128  8:23  Zealot x4  
  128  8:24  Zealot  
  134  8:39  Pylon  
  130  8:42  Pylon  
  130  8:43  Zealot x4  
  130  8:44  Zealot x3  
Tags
 
Add a new tag
Caveats
  • Supply blocks, unpowered buildings, or Contaminate may cause inaccurate times.
  • Supply counts are checked every 10 seconds.